 Dungeon Crawl Stone Soup version 0.28.0-45-g0d030f2227 (webtiles) character file.

Game seed: 11346156257851330891

700 Peloso the Slasher (level 7, -5/61 HPs)
             Began as a Minotaur Fighter on Apr 24, 2022.
             Was a Follower of Okawaru.
             Killed from afar by a steam dragon (6 damage)
             ... with a ball of steam
             ... on level 6 of the Dungeon.
             The game lasted 00:05:59 (4170 turns).

Peloso the Slasher (Minotaur Fighter)               Turns: 4170, Time: 00:05:59

Health: -5/61      AC:  9    Str: 20    XL:     7   Next: 38%
Magic:  6/6        EV: 10    Int:  5    God:    Okawaru [*.....]
Gold:   167        SH:  5    Dex: 12    Spells: 6/6 levels left

rFire   . . .      SeeInvis .   a - +1 long sword
rCold   . . .      Faith    .   c - +0 buckler
rNeg    . . .      Spirit   .   b - +1 scale mail
rPois   .          Reflect  .   (helmet restricted)
rElec   .          Harm     .   (no cloak)
rCorr   .          Rampage  .   n - +0 pair of gloves
Will    .....                   (no boots)
Stlth   ..........              (no amulet)
HPRegen 0.20/turn               (no ring)
MPRegen 0.10/turn               (no ring)

@: no status effects
A: horns 2, retaliatory headbutt
a: Renounce Religion, Heroism


You were on level 6 of the Dungeon.
You worshipped Okawaru.
Okawaru was aware of your devotion.
You visited 2 branches of the dungeon, and saw 6 of its levels.

You collected 167 gold pieces.

Inventory:

Hand Weapons
 a - a +1 long sword (weapon)
Armour
 b - a +1 scale mail (worn)
 c - a +0 buckler (worn)
 n - a +0 pair of gloves (worn)
Jewellery
 h - a ring of fire
 i - a ring of magical power
Scrolls
 g - a scroll of teleportation
 l - a scroll of immolation
 m - a scroll of enchant armour
 p - a scroll of blinking
 q - a scroll of noise {unknown}
 r - a scroll of magic mapping {unknown}
Potions
 d - 2 potions of might
 e - a potion of brilliance
 f - 2 potions of curing
 j - a potion of mutation {unknown}
 o - a potion of resistance


   Skills:
 + Level 5.4 Fighting
 + Level 6.8 Long Blades
 + Level 6.1 Armour
 + Level 1.5 Dodging
 + Level 0.6 Stealth
 + Level 4.4 Shields


You had 6 spell levels left.
You didn't know any spells.
Your spell library was empty.

Dungeon Overview and Level Annotations

Branches:
Dungeon (6/15)             Temple (1/1) D:6

Altars:
Dithmenos
Elyvilon
Nemelex Xobeh
Okawaru
Ru
Trog


Innate Abilities, Weirdness & Mutations

You have a pair of horns on your head.
You reflexively headbutt those who attack you in melee.


Message History

The steam dragon claws you but does no damage.
You hit the steam dragon but do no damage.
Your headbutt misses the steam dragon.
The steam dragon is moderately wounded.
The steam dragon breathes steam at you. The ball of steam hits you!
You hear a shout!
You barely miss the steam dragon. Your headbutt misses the steam dragon.
The steam dragon is moderately wounded.
You are engulfed in a cloud of scalding steam.
The steam dragon bites you but does no damage.
You block the steam dragon's attack.
You barely miss the steam dragon.
The steam dragon is moderately wounded.
You are engulfed in a cloud of scalding steam.
A white imp comes into view.
You block the steam dragon's attack.
The steam dragon claws you but does no damage.
You slash the steam dragon!
The steam dragon is heavily wounded.
The steam dragon breathes steam at you. The ball of steam hits you!
You closely miss the steam dragon. You headbutt the steam dragon.
The steam dragon is severely wounded.
You are engulfed in a cloud of scalding steam.
You block the steam dragon's attack. x2
You closely miss the steam dragon.
The steam dragon is severely wounded.
You are engulfed in a cloud of scalding steam.
You block the steam dragon's attack. The steam dragon claws you.
You closely miss the steam dragon.
The steam dragon is severely wounded.
You are engulfed in a cloud of scalding steam.
* * * LOW HITPOINT WARNING * * *
The steam dragon bites you!
* * * LOW HITPOINT WARNING * * *
The steam dragon closely misses you. The steam dragon breathes steam at you.
The ball of steam hits you.
You die...

#.# ..# ...# .. .#.#
#.##...#...
#.#.#.......#..
.#.#.#.#.....# ##
#.#.#..#.....# .##
.#.#.#.#....###.... #
#.#.#.....##...##...#
.#.#.#...#..###..#..#
#.#.#...#..#...#@D#
.#.#.#..#.#.###.#.#
#.#.#..#.#.#..5#.#.#
.#.#.#.#.#.#.>.#!#.#
#.#.#.##.#.#...#.# #
.#>#.#..#.#.###.#.
#.#.#.#.#..# #..
.#.#.#..)#. .#.
#)#.#.....# ...#


You could see a steam dragon (catching breath) and a white imp.

Vanquished Creatures
  A water moccasin (D:6)
  Duvessa (D:6)
  A phantom (D:4)
  A water moccasin zombie (D:6)
  A scorpion (D:4)
  Dowan (D:6)
  An orc priest (D:3)
  2 orc wizards (D:3)
  A gnoll (D:3)
  9 adders
  A worm (D:2)
  A dart slug (D:1)
  8 orcs (D:3)
  3 endoplasms
  5 giant cockroaches
  7 goblins
  2 hobgoblins
  4 jackals (D:1)
  9 kobolds
  3 quokkas
  12 ball pythons
  5 bats
  8 frilled lizards
  2 rats
89 creatures vanquished.

Notes
Turn   | Place    | Note
-------+----------+-------------------------------------------
     0 | D:1      | Peloso the Minotaur Fighter began the quest for the Orb.
     0 | D:1      | Reached XP level 1. HP: 19/19 MP: 0/0
   144 | D:1      | Reached XP level 2. HP: 27/27 MP: 1/1
   691 | D:1      | Reached XP level 3. HP: 33/33 MP: 2/2
  1372 | D:2      | Reached XP level 4. HP: 40/40 MP: 3/3
  1714 | D:2      | Reached skill level 1 in Dodging
  1935 | D:2      | Found a faded altar of an unknown god.
  2149 | D:3      | Found a sacrificial altar of Ru.
  2195 | D:3      | Reached XP level 5. HP: 40/47 MP: 4/4
  2439 | D:3      | Found an iron altar of Okawaru.
  2447 | D:3      | Became a worshipper of Warmaster Okawaru
  2662 | D:3      | Reached skill level 5 in Armour
  3034 | D:3      | Reached skill level 5 in Long Blades
  3254 | D:4      | Reached XP level 6. HP: 27/55 MP: 5/5
  3444 | D:4      | Found a shadowy altar of Dithmenos.
  3446 | D:4      | Found a sparkling altar of Nemelex Xobeh.
  3487 | D:4      | Found a white marble altar of Elyvilon.
  3516 | D:4      | Reached * piety under Okawaru
  3517 | D:4      | Reached skill level 5 in Fighting
  3842 | D:4      | You fall into a shaft and drop 2 floors!
  3844 | D:6      | Noticed Duvessa
  3844 | D:6      | Noticed Dowan
  3846 | D:6      | Noticed a water moccasin
  3854 | D:6      | Killed a water moccasin
  3858 | D:6      | Killed Duvessa
  3859 | D:6      | Reached XP level 7. HP: 41/61 MP: 6/6
  3865 | D:6      | Killed Dowan
  3923 | D:6      | Found a staircase to the Ecumenical Temple.
  3934 | Temple   | Entered the Ecumenical Temple
  4156 | D:6      | Noticed a steam dragon
  4170 | D:6      | HP: 1/61 [steam dragon (7)]
  4170 | D:6      | Killed from afar by a steam dragon

Illustrated notes

Levels and vault maps discovered:
D:1:      grunt_arrival_lava_bath, layout_loops_ring
D:2:      layout_loops_ring, shapermc_ecumenical_altar_mp_vishouse,
          minmay_snake_closets
D:3:      layout_loops_ring, mainiacjoe_overflow_paths,
          okawaru_altar_gauntlet_db, wander_ebering_terrifying_dragon_lair
D:4:      layout_loops_corners, nicolae_overflow_hidden_temple, elyvilon_altar_1
D:6:      layout_basic, minmay_temple_entry_steel_oval, minmay_microvault,
          uniq_duvessa
Temple:   dshaligram_water_room_temple

Skill      XL: |  1  2  3  4  5  6  7 |
---------------+----------------------+-----
Long Blades    | 3 4 5 6 |  6.8
Armour         | 4 5 6 |  6.1
Fighting       | 4 5 |  5.4
Shields        | 4 |  4.4
Dodging        | 1 |  1.5
Stealth        | |  0.6

Action                   |  1- 3 |  4- 6 |  7- 9 || total
-------------------------+-------+-------+-------++-------
Melee: Long sword        |    92 |   123 |    25 ||   240
       Headbutt          |    10 |    17 |     3 ||    30
Invok: Heroism           |       |       |     1 ||     1
  Use: Scroll            |     4 |     5 |       ||     9
       Potion            |       |     1 |       ||     1
Armor: Scale mail        |    43 |    46 |     9 ||    98
Dodge: Dodged            |    49 |    33 |    11 ||    93
Block: Buckler           |    22 |    30 |    13 ||    65
